AoeStats
← eloycorsob

Arena

508896369Analyzed
4v4 RM · 9d ago on Sep 24, 2026· 29m 37s· 8 players
Game mode
Random Map
Map size
Large (8 player)
Population
200
Speed
Normal
Resources
Standard
Victory
Conquest
Starting age
Dark Age
Ending age
Imperial Age
RankedLock teamsTeams togetherTeam positionsShared explorationLock speedFull tech treeHidden civsTurbo modeCheats
Victory
Defeat
🇬🇧 Teutons · United Kingdom
574
+10
🇪🇸 Turks · Spain
544
+11
🇨🇳 Spanish · China
480
+13
🇧🇷 Dravidians · Brazil
401
+17
🇪🇬 Franks · Egypt
479
-15
🇩🇰 Portuguese · Denmark
438
-13
🇬🇧 Koreans · United Kingdom
397
-12
🇬🇧 Persians · United Kingdom
390
-11
A snickers7606
6:48 Loom
16:56 Feudal Age
20:56 Loom
21:48 Wheelbarrow
21:01 Double-Bit Axe
20:58 Horse Collar
21:14 Stone Mining
21:14 Gold Mining
Footy_king11
17:56 Feudal Age
18:14 Horse Collar
18:25 Double-Bit Axe
20:21 Arson
23:01 Castle Age
21:15 Scale Barding Armor
22:43 Scale Mail Armor
22:57 Gold Mining
THOR
13:07 Feudal Age
24:57 Castle Age
kzakaria9191
0:31 Loom
12:38 Feudal Age
15:06 Double-Bit Axe
23:26 Castle Age
25:32 Bow Saw
29:03 Husbandry
Pain
14:38 Feudal Age
15:59 Loom
19:13 Wheelbarrow
18:26 Double-Bit Axe
18:25 Horse Collar
18:40 Gold Mining
18:46 Stone Mining
22:24 Castle Age
21:00 Bloodlines
24:48 Hand Cart
32:24 Imperial Age
29:40 Town Watch
eloycorsob
1:00 Loom
13:18 Feudal Age
17:33 Horse Collar
18:34 Wheelbarrow
17:52 Double-Bit Axe
18:02 Gold Mining
19:06 Stone Mining
20:12 Town Watch
22:43 Castle Age
22:50 Castle Age
23:38 Heavy Plow
23:52 Bow Saw
24:21 Gold Shaft Mining
25:05 Thumb Ring
25:16 Caravan
27:17 Hand Cart
26:48 Town Watch
28:19 Sipahi
Munchen
0:59 Loom
12:02 Feudal Age
12:32 Double-Bit Axe
12:13 Man-at-Arms
17:02 Forging
23:46 Wheelbarrow
29:24 Castle Age
28:33 Scale Barding Armor
言午文亦大
11:00 Loom
12:51 Feudal Age
14:53 Gold Mining
14:46 Horse Collar
15:54 Double-Bit Axe
20:39 Castle Age
19:30 Stone Mining
21:38 Fletching
23:25 Heavy Plow
23:35 Bow Saw
23:37 Padded Archer Armor
23:33 Bodkin Arrow
26:34 Bloodlines
26:28 Husbandry
27:13 Ballistics
29:19 Caravan
Connection lost

Rejoining the realm…

Still unreachable

The connection could not be restored.

Session expired

The server has moved on; the page needs a fresh start.